[Event "44th Chess Olympiad Women 2022"]
[Site "Chennai"]
[Date "2022.08.10"]
[Round "11.5"]
[White "Hagarova, Zuzana"]
[Black "Gomes, Mary Ann"]
[Result "1/2-1/2"]
[ECO "B42"]
[WhiteElo "2293"]
[BlackElo "2324"]
[Annotator "ChessBase"]
[PlyCount "116"]
[EventDate "2022.07.29"]
[EventType "team-tourn"]
[EventCountry "IND"]
[SourceTitle "playchess.com"]
[Source "ChessBase"]
[SourceQuality "1"]
[WhiteTeam "Slovakia"]
[BlackTeam "India"]
[WhiteTeamCountry "SVK"]
[BlackTeamCountry "IND"]
[TimeControl "40/5400+30:1800+30"]

1. e4 c5 2. Nf3 e6 3. d4 cxd4 4. Nxd4 a6 5. Bd3 Qc7 6. O-O Nf6 7. Qe2 d6 8. c4 g6 9. Nc3 Bg7 10. Be3 O-O 11. Rac1 Nbd7 12. Rfd1 Ne5 13. f3 b6 14. b3 Bb7 15. Bb1 Rac8 16. Qf2 Rfe8 17. h3 Ned7 18. Bd3 Qb8 19. Bf1 d5 20. cxd5 exd5 21. Nxd5 Bxd5 22. exd5 Rxc1 23. Bxc1 Nxd5 24. Nf5 gxf5 25. Rxd5 Nf6 26. Rd1 b5 27. Qc5 Re5 28. Qc6 Re6 29. Qc5 Re5 30. Qf2 Rd5 31. Rxd5 Nxd5 32. Qc5 Qd8 33. a4 bxa4 34. bxa4 a5 35. Kh1 Nb6 36. Be3 Nxa4 37. Qxf5 Nb2 38. Qg4 Kh8 39. Bb5 h6 40. Qe4 Kg8 41. Bg1 Qf8 42. Bc6 Qb4 43. Qe8+ Qf8 44. Qd7 Nc4 45. Bd5 Ne5 46. Qa7 Qd8 47. Bb3 Nd7 48. Qb7 Bf6 49. Qe4 Nf8 50. Qf5 Kg7 51. Qg4+ Ng6 52. Qc4 Ne5 53. Qb5 Qd3 54. Qb7 Qd7 55. Qe4 Qd3 56. Qb7 Qd7 57. Qe4 Qd3 58. Qb7 Qd7 1/2-1/2

[Event "44th Chess Olympiad Women 2022"]
[Site "Chennai"]
[Date "2022.08.10"]
[Round "11.5"]
[White "Borosova, Zuzana"]
[Black "Vantika Agrawal"]
[Result "1/2-1/2"]
[ECO "B90"]
[WhiteElo "2277"]
[BlackElo "2371"]
[Annotator "ChessBase"]
[PlyCount "66"]
[EventDate "2022.07.29"]
[EventType "team-tourn"]
[EventCountry "IND"]
[SourceTitle "playchess.com"]
[Source "ChessBase"]
[SourceQuality "1"]
[WhiteTeam "Slovakia"]
[BlackTeam "India"]
[WhiteTeamCountry "SVK"]
[BlackTeamCountry "IND"]
[TimeControl "40/5400+30:1800+30"]

1. e4 c5 2. Nf3 d6 3. d4 cxd4 4. Nxd4 Nf6 5. Nc3 a6 6. h3 e5 7. Nde2 h5 8. g3 Be7 9. Bg2 b5 10. Nd5 Nxd5 11. Qxd5 Ra7 12. Be3 Rb7 13. g4 Bg5 14. Bxg5 Qxg5 15. Ng3 Rb6 16. gxh5 Be6 17. Qd2 Qxd2+ 18. Kxd2 Nd7 19. Bf3 Ke7 20. h4 Nf6 21. Rhg1 Rd8 22. Rad1 b4 23. Kc1 a5 24. b3 a4 25. Nf1 Kf8 26. Ne3 Ra8 27. Rg5 axb3 28. axb3 Ra2 29. Rdg1 Rc6 30. Kb1 Rca6 31. Kc1 Rc6 32. Kb1 Rca6 33. Kc1 Rc6 1/2-1/2

[Event "44th Chess Olympiad Women 2022"]
[Site "Chennai"]
[Date "2022.08.10"]
[Round "11.6"]
[White "Sukandar, Irine Kharisma"]
[Black "Paehtz, Elisabeth"]
[Result "1/2-1/2"]
[ECO "B90"]
[WhiteElo "2373"]
[BlackElo "2484"]
[Annotator "ChessBase"]
[PlyCount "39"]
[EventDate "2022.07.29"]
[EventType "team-tourn"]
[EventCountry "IND"]
[SourceTitle "playchess.com"]
[Source "ChessBase"]
[SourceQuality "1"]
[WhiteTeam "Indonesia"]
[BlackTeam "Germany"]
[WhiteTeamCountry "INA"]
[BlackTeamCountry "GER"]
[TimeControl "40/5400+30:1800+30"]

1. e4 c5 2. Nf3 d6 3. d4 cxd4 4. Nxd4 Nf6 5. Nc3 a6 6. Bd3 g6 7. h3 Bg7 8. Be3 Nc6 9. Qd2 O-O 10. O-O-O Bd7 11. f4 Rc8 12. Nf3 Nb4 13. a3 Nxd3+ 14. Qxd3 Qa5 15. Bd2 Qc5 16. Be3 Qa5 17. Bd2 Qc5 18. Be3 Qa5 19. Bd2 Qc5 20. Be3 1/2-1/2

[Event "44th Chess Olympiad Women 2022"]
[Site "Chennai"]
[Date "2022.08.10"]
[Round "11.6"]
[White "Wagner, Dinara"]
[Black "Citra, Dewi Ardhiani Anasta"]
[Result "1-0"]
[ECO "A44"]
[WhiteElo "2341"]
[BlackElo "2257"]
[Annotator "ChessBase"]
[PlyCount "115"]
[EventDate "2022.07.29"]
[EventType "team-tourn"]
[EventCountry "IND"]
[SourceTitle "playchess.com"]
[Source "ChessBase"]
[SourceQuality "1"]
[WhiteTeam "Germany"]
[BlackTeam "Indonesia"]
[WhiteTeamCountry "GER"]
[BlackTeamCountry "INA"]
[TimeControl "40/5400+30:1800+30"]

1. d4 c5 2. d5 e5 3. c4 d6 4. e4 Be7 5. Nc3 Bg5 6. Nf3 Bxc1 7. Rxc1 Ne7 8. Bd3 Ng6 9. g3 Bh3 10. Bf1 Bxf1 11. Kxf1 O-O 12. Kg2 Nd7 13. Qd3 a6 14. h4 Ne7 15. h5 h6 16. Nh4 Nf6 17. Qe2 Qd7 18. f4 exf4 19. gxf4 Rae8 20. Rhg1 Qg4+ 21. Qxg4 Nxg4 22. Kf3 Nf6 23. e5 dxe5 24. fxe5 Nxh5 25. Rce1 Ng6 26. Nxg6 fxg6+ 27. Ke4 b5 28. e6 bxc4 29. Ke5 Nf4 30. Kd6 Rd8+ 31. Kc6 Rc8+ 32. Kb6 Rb8+ 33. Ka5 Rfe8 34. e7 Rb7 35. d6 Nd3 36. Re4 Nb4 37. Rxg6 Kf7 38. Rg2 Nc6+ 39. Ka4 Nxe7 40. Rf2+ Kg6 41. Re6+ Kh5 42. Rfe2 Rb4+ 43. Ka3 Nc8 44. Rxe8 Nxd6 45. R8e5+ g5 46. Rxc5 Rb6 47. Rd2 Kh4 48. Rcd5 Nb5+ 49. Nxb5 axb5 50. Kb4 g4 51. Rh2+ Kg3 52. Rdh5 Ra6 53. a3 Kf3 54. Rxh6 Ra8 55. Rg6 Rc8 56. Rh4 c3 57. bxc3 Rc4+ 58. Kb3 1-0

[Event "44th Chess Olympiad Women 2022"]
[Site "Chennai"]
[Date "2022.08.10"]
[Round "11.6"]
[White "Heinemann, Josefine"]
[Black "Aulia, Medina Warda"]
[Result "1/2-1/2"]
[ECO "C07"]
[WhiteElo "2321"]
[BlackElo "2374"]
[Annotator "ChessBase"]
[PlyCount "71"]
[EventDate "2022.07.29"]
[EventType "team-tourn"]
[EventCountry "IND"]
[SourceTitle "playchess.com"]
[Source "ChessBase"]
[SourceQuality "1"]
[WhiteTeam "Germany"]
[BlackTeam "Indonesia"]
[WhiteTeamCountry "GER"]
[BlackTeamCountry "INA"]
[TimeControl "40/5400+30:1800+30"]

1. e4 e6 2. d4 d5 3. Nd2 c5 4. exd5 Qxd5 5. Ngf3 cxd4 6. Bc4 Qd7 7. O-O a6 8. a4 Nc6 9. Nb3 Nf6 10. Qe2 Bd6 11. Rd1 e5 12. Nbxd4 O-O 13. Nxc6 Qxc6 14. Bg5 Bc7 15. h3 h6 16. Be3 Be6 17. Bxe6 Qxe6 18. Ra3 e4 19. Nd2 Rad8 20. Nf1 Rxd1 21. Qxd1 Rd8 22. Qe2 Rd7 23. Ra1 Nd5 24. Qc4 f5 25. Rd1 Kh7 26. Bc1 Qe5 27. g3 Nb6 28. Qe2 Re7 29. b3 Qe6 30. Bb2 f4 31. gxf4 Qxh3 32. Be5 Qf3 33. Qxf3 exf3 34. Nh2 Bxe5 35. fxe5 Rxe5 36. Nxf3 1/2-1/2

[Event "44th Chess Olympiad Women 2022"]
[Site "Chennai"]
[Date "2022.08.10"]
[Round "11.6"]
[White "Mariroh, Fariha"]
[Black "Klek, Hanna Marie"]
[Result "1/2-1/2"]
[ECO "C54"]
[WhiteElo "1839"]
[BlackElo "2366"]
[Annotator "ChessBase"]
[PlyCount "67"]
[EventDate "2022.07.29"]
[EventType "team-tourn"]
[EventCountry "IND"]
[SourceTitle "playchess.com"]
[Source "ChessBase"]
[SourceQuality "1"]
[WhiteTeam "Indonesia"]
[BlackTeam "Germany"]
[WhiteTeamCountry "INA"]
[BlackTeamCountry "GER"]
[TimeControl "40/5400+30:1800+30"]

1. e4 e5 2. Nf3 Nc6 3. Bc4 Bc5 4. c3 Nf6 5. d4 exd4 6. cxd4 Bb4+ 7. Bd2 Nxe4 8. Bxb4 Nxb4 9. Bxf7+ Kxf7 10. Qb3+ Kf8 11. Qxb4+ Qe7 12. Qxe7+ Kxe7 13. Nc3 Nxc3 14. bxc3 b6 15. Kd2 Rf8 16. Rhe1+ Kd6 17. Re3 Bb7 18. Kd3 Bxf3 19. gxf3 Rf5 20. Rg1 g6 21. Rg4 Rh5 22. Rf4 Rf5 23. Rxf5 gxf5 24. Re5 Rf8 25. h4 Rf6 26. h5 c5 27. Kc4 cxd4 28. cxd4 a6 29. a4 f4 30. Rd5+ Ke6 31. Re5+ Kd6 32. Rd5+ Ke6 33. Re5+ Kd6 34. Rd5+ 1/2-1/2

[Event "44th Chess Olympiad Women 2022"]
[Site "Chennai"]
[Date "2022.08.10"]
[Round "11.7"]
[White "Sargsyan, Anna M."]
[Black "Berke, Ana"]
[Result "1-0"]
[ECO "B51"]
[WhiteElo "2378"]
[BlackElo "2163"]
[Annotator "ChessBase"]
[PlyCount "63"]
[EventDate "2022.07.29"]
[EventType "team-tourn"]
[EventCountry "IND"]
[SourceTitle "playchess.com"]
[Source "ChessBase"]
[SourceQuality "1"]
[WhiteTeam "Armenia"]
[BlackTeam "Croatia"]
[WhiteTeamCountry "ARM"]
[BlackTeamCountry "CRO"]
[TimeControl "40/5400+30:1800+30"]

1. e4 c5 2. Nf3 d6 3. Bb5+ Nd7 4. O-O a6 5. Bd3 b5 6. c3 Ngf6 7. Bc2 Bb7 8. Re1 e5 9. d3 Be7 10. Nbd2 O-O 11. Nf1 Re8 12. Ng3 g6 13. h4 c4 14. d4 Bf8 15. h5 Bg7 16. b3 Qc8 17. bxc4 bxc4 18. Ba3 d5 19. hxg6 hxg6 20. exd5 Nxd5 21. Ne4 exd4 22. Nd6 Rxe1+ 23. Qxe1 Qc7 24. Bxg6 Rf8 25. Ng5 Ne5 26. Bh7+ Kh8 27. Nxb7 Re8 28. Nd6 Nf3+ 29. gxf3 Rxe1+ 30. Rxe1 Bf8 31. Re8 Kg7 32. Nf5+ 1-0

[Event "44th Chess Olympiad Women 2022"]
[Site "Chennai"]
[Date "2022.08.10"]
[Round "11.7"]
[White "Gaboyan, Susanna"]
[Black "Ivekovic, Tihana"]
[Result "1/2-1/2"]
[ECO "E04"]
[WhiteElo "2270"]
[BlackElo "2082"]
[Annotator "ChessBase"]
[PlyCount "147"]
[EventDate "2022.07.29"]
[EventType "team-tourn"]
[EventCountry "IND"]
[SourceTitle "playchess.com"]
[Source "ChessBase"]
[SourceQuality "1"]
[WhiteTeam "Armenia"]
[BlackTeam "Croatia"]
[WhiteTeamCountry "ARM"]
[BlackTeamCountry "CRO"]
[TimeControl "40/5400+30:1800+30"]

1. Nf3 d5 2. g3 e6 3. Bg2 c5 4. O-O Nc6 5. d4 Nf6 6. c4 dxc4 7. Qa4 Bd7 8. dxc5 Qa5 9. Qxc4 Qxc5 10. Na3 Qxc4 11. Nxc4 Be7 12. Nfe5 O-O 13. Nxd7 Nxd7 14. Be3 Rfd8 15. Rfd1 Rac8 16. Nd6 Bxd6 17. Rxd6 Nb6 18. Rxd8+ Rxd8 19. Rc1 Nd5 20. Bc5 h6 21. Rd1 Nb6 22. Rxd8+ Nxd8 23. Kf1 f6 24. Ke1 Kf7 25. Kd2 Nc8 26. Kd3 a6 27. Kc4 Ke8 28. h4 h5 29. Be4 Kf7 30. b4 b6 31. Be3 Nd6+ 32. Kd3 Nxe4 33. Bxb6 Nc6 34. Kxe4 Nxb4 35. a3 Nc6 36. Bc5 Nd8 37. Kd4 Nb7 38. Bb4 Ke8 39. Ke4 Kf7 40. f3 g6 41. Kd4 Ke8 42. g4 Kf7 43. Bd2 Ke7 44. g5 fxg5 45. Bxg5+ Kd6 46. Bf4+ Ke7 47. Ke5 Na5 48. Bg5+ Kf7 49. Kd4 Nb7 50. e4 Ke8 51. Ke5 Kf7 52. Bd2 Nc5 53. Kd6 Nd3 54. Bg5 a5 55. f4 a4 56. Kc6 e5 57. f5 gxf5 58. exf5 Nf4 59. Kd6 Nd3 60. Kd5 Nb2 61. Bd8 Nd3 62. Bg5 Nb2 63. Kc5 Nd3+ 64. Kc4 Nf2 65. Kb4 Ne4 66. Bd8 Nd6 67. Kxa4 Nxf5 68. Kb5 Ke8 69. Bg5 Kd7 70. Kc5 Kc7 71. Kd5 Kb7 72. Kxe5 Nxh4 73. Bxh4 Ka8 74. Ke4 1/2-1/2

[Event "44th Chess Olympiad Women 2022"]
[Site "Chennai"]
[Date "2022.08.10"]
[Round "11.7"]
[White "Medic, Mirjana"]
[Black "Mkrtchian, Lilit"]
[Result "0-1"]
[ECO "E15"]
[WhiteElo "2194"]
[BlackElo "2362"]
[Annotator "ChessBase"]
[PlyCount "86"]
[EventDate "2022.07.29"]
[EventType "team-tourn"]
[EventCountry "IND"]
[SourceTitle "playchess.com"]
[Source "ChessBase"]
[SourceQuality "1"]
[WhiteTeam "Croatia"]
[BlackTeam "Armenia"]
[WhiteTeamCountry "CRO"]
[BlackTeamCountry "ARM"]
[TimeControl "40/5400+30:1800+30"]

1. d4 Nf6 2. c4 e6 3. Nf3 b6 4. g3 Ba6 5. b3 Bb4+ 6. Bd2 Be7 7. Bg2 d5 8. cxd5 exd5 9. Nc3 O-O 10. O-O Re8 11. Re1 Bb7 12. Qc2 Nbd7 13. a3 c5 14. Qb2 Ne4 15. Be3 Bf6 16. Rac1 h5 17. b4 Nd6 18. Qa2 Nc4 19. bxc5 bxc5 20. dxc5 Nxe3 21. fxe3 Nxc5 22. Red1 Qe7 23. Nxd5 Bxd5 24. Qxd5 Qxe3+ 25. Kh1 Ne4 26. Rf1 Rad8 27. Qc6 Nf2+ 28. Rxf2 Qxf2 29. Rf1 Qxe2 30. h3 Rd1 31. Qxe8+ Qxe8 32. Rxd1 Qe3 33. Re1 Qxa3 34. h4 a5 35. Kh2 g6 36. Re2 a4 37. Ng5 Bxg5 38. hxg5 Qc5 39. Re8+ Kg7 40. Ra8 a3 41. Kh3 Qb4 42. Bd5 Qg4+ 43. Kh2 Qxg5 0-1

[Event "44th Chess Olympiad Women 2022"]
[Site "Chennai"]
[Date "2022.08.10"]
[Round "11.7"]
[White "Radikovic, Anamarija"]
[Black "Mkrtchyan, Mariam"]
[Result "1-0"]
[ECO "C83"]
[WhiteElo "2099"]
[BlackElo "2285"]
[Annotator "ChessBase"]
[PlyCount "79"]
[EventDate "2022.07.29"]
[EventType "team-tourn"]
[EventCountry "IND"]
[SourceTitle "playchess.com"]
[Source "ChessBase"]
[SourceQuality "1"]
[WhiteTeam "Croatia"]
[BlackTeam "Armenia"]
[WhiteTeamCountry "CRO"]
[BlackTeamCountry "ARM"]
[TimeControl "40/5400+30:1800+30"]

1. e4 e5 2. Nf3 Nc6 3. Bb5 a6 4. Ba4 Nf6 5. O-O Nxe4 6. d4 b5 7. Bb3 d5 8. dxe5 Be6 9. Nbd2 Be7 10. c3 O-O 11. Bc2 f5 12. Nb3 Qd7 13. Nbd4 Nxd4 14. Nxd4 c5 15. Nxe6 Qxe6 16. f3 Ng5 17. a4 Rad8 18. axb5 axb5 19. b4 cxb4 20. cxb4 Qxe5 21. Ra5 Qc3 22. Rxb5 d4 23. Bd2 Qb2 24. Bxf5 Nf7 25. Rb7 Bf6 26. Be6 d3 27. Qc1 Qd4+ 28. Kh1 Qe5 29. Re1 Qh5 30. Qc7 g5 31. b5 Qg6 32. b6 Bd4 33. Bxf7+ Qxf7 34. Re7 Qg6 35. Qc4+ Kh8 36. Bc3 Bf6 37. Bxf6+ Rxf6 38. Qc7 Ra8 39. Ra7 Re8 40. Rxe8+ 1-0

[Event "44th Chess Olympiad Women 2022"]
[Site "Chennai"]
[Date "2022.08.10"]
[Round "11.8"]
[White "Gara, Ticia"]
[Black "Toma, Katarzyna"]
[Result "0-1"]
[ECO "D85"]
[WhiteElo "2367"]
[BlackElo "2303"]
[Annotator "ChessBase"]
[PlyCount "110"]
[EventDate "2022.07.29"]
[EventType "team-tourn"]
[EventCountry "IND"]
[SourceTitle "playchess.com"]
[Source "ChessBase"]
[SourceQuality "1"]
[WhiteTeam "Hungary"]
[BlackTeam "England"]
[WhiteTeamCountry "HUN"]
[BlackTeamCountry "ENG"]
[TimeControl "40/5400+30:1800+30"]

1. d4 Nf6 2. c4 g6 3. Nc3 d5 4. cxd5 Nxd5 5. e4 Nxc3 6. bxc3 Bg7 7. Nf3 c5 8. Bb5+ Nd7 9. O-O O-O 10. Re1 a6 11. Bf1 b5 12. a4 Rb8 13. Rb1 b4 14. Bf4 e5 15. dxe5 bxc3 16. Rxb8 Nxb8 17. Qb3 Bd7 18. Qxc3 Bxa4 19. Qxc5 Qc8 20. Qb4 Bc6 21. Nd4 Qd7 22. Bg3 Re8 23. f4 Ba8 24. Bf2 h6 25. e6 fxe6 26. Nxe6 Nc6 27. Qb3 Na5 28. Nc5+ Nxb3 29. Nxd7 Nd2 30. e5 Nxf1 31. Kxf1 Bc6 32. Nc5 Bf8 33. Ne4 Kf7 34. Nf6 Rc8 35. Bh4 Ke6 36. g4 Bb5+ 37. Kg1 Bb4 38. Rd1 a5 39. Bf2 Bc6 40. Be1 Bc5+ 41. Bf2 Be7 42. Rc1 Ba3 43. Rc2 Bb7 44. Rxc8 Bxc8 45. Bd4 Bc1 46. Ne8 Kd5 47. Bc3 a4 48. Nd6 Bxg4 49. Kf2 Bxf4 50. h4 Bxe5 51. Bxe5 Kxe5 52. Nb5 Kf4 53. Na3 Be6 54. Nc2 Kg4 55. Nd4 a3 0-1

[Event "44th Chess Olympiad Women 2022"]
[Site "Chennai"]
[Date "2022.08.10"]
[Round "11.8"]
[White "Houska, Jovanka"]
[Black "Hoang, Thanh Trang"]
[Result "0-1"]
[ECO "A84"]
[WhiteElo "2360"]
[BlackElo "2376"]
[Annotator "ChessBase"]
[PlyCount "70"]
[EventDate "2022.07.29"]
[EventType "team-tourn"]
[EventCountry "IND"]
[SourceTitle "playchess.com"]
[Source "ChessBase"]
[SourceQuality "1"]
[WhiteTeam "England"]
[BlackTeam "Hungary"]
[WhiteTeamCountry "ENG"]
[BlackTeamCountry "HUN"]
[TimeControl "40/5400+30:1800+30"]

1. d4 e6 2. c4 f5 3. Nf3 Nf6 4. g3 c6 5. Qc2 d5 6. Bf4 Bd6 7. Bxd6 Qxd6 8. Nbd2 O-O 9. e3 Nbd7 10. Rc1 Ne4 11. Be2 Rf6 12. c5 Qc7 13. Nb3 Rh6 14. Bd3 e5 15. Nh4 Ndf6 16. f3 g5 17. Nxf5 Bxf5 18. fxe4 Bxe4 19. O-O Bxd3 20. Qxd3 Ng4 21. Qf5 Nxh2 22. dxe5 Nxf1 23. Rxf1 Re8 24. Nd4 Qxe5 25. Qf7+ Kh8 26. Nf5 Rg6 27. Rf2 Qe6 28. Qxb7 Rf8 29. g4 Qe4 30. Rg2 h5 31. Qxa7 Qb1+ 32. Kh2 hxg4 33. Kg3 Qxf5 34. Rh2+ Rh6 35. Rxh6+ Kg8 0-1

[Event "44th Chess Olympiad Women 2022"]
[Site "Chennai"]
[Date "2022.08.10"]
[Round "11.8"]
[White "Gaal, Zsoka"]
[Black "Kalaiyalahan, Akshaya"]
[Result "1-0"]
[ECO "A07"]
[WhiteElo "2313"]
[BlackElo "2158"]
[Annotator "ChessBase"]
[PlyCount "151"]
[EventDate "2022.07.29"]
[EventType "team-tourn"]
[EventCountry "IND"]
[SourceTitle "playchess.com"]
[Source "ChessBase"]
[SourceQuality "1"]
[WhiteTeam "Hungary"]
[BlackTeam "England"]
[WhiteTeamCountry "HUN"]
[BlackTeamCountry "ENG"]
[TimeControl "40/5400+30:1800+30"]

1. Nf3 d5 2. g3 c6 3. Bg2 Bg4 4. O-O e6 5. h3 Bh5 6. c4 Nd7 7. cxd5 cxd5 8. d4 Bd6 9. Nc3 Ne7 10. Qb3 Qb6 11. Qxb6 Nxb6 12. Nb5 Bb8 13. Bf4 Bxf4 14. gxf4 O-O 15. Rfc1 Bxf3 16. Bxf3 Nc6 17. e3 Rfd8 18. b3 a6 19. Nc3 Rac8 20. Kf1 Rc7 21. Ke1 Rdc8 22. Kd2 Kf8 23. Bd1 Ke7 24. Ne2 Kd6 25. Rc3 Nd7 26. Rac1 b5 27. f3 f5 28. Ng3 Nb6 29. Nh1 Nb4 30. Rxc7 Rxc7 31. Ra1 Ra7 32. a3 Nc6 33. Be2 Na5 34. Kc2 Rc7+ 35. Kb2 Nb7 36. Rg1 g6 37. Nf2 Nd7 38. Nd3 Kc6 39. a4 bxa4 40. Ra1 a5 41. Rxa4 Kb6 42. Ra1 Nd6 43. Nf2 Nb5 44. h4 Nb8 45. Bf1 Na6 46. Bxb5 Kxb5 47. Nd3 Rc8 48. Rc1 Rxc1 49. Kxc1 Kc6 50. Kb2 Nb4 51. Nc5 Kd6 52. Nb7+ Kc7 53. Nc5 Kd6 54. Kc3 Nc6 55. Nd3 Ne7 56. Kb2 Nc8 57. Nc5 Na7 58. Ka3 Nb5+ 59. Ka4 Nc3+ 60. Kxa5 Nd1 61. b4 Nxe3 62. b5 Nc2 63. Nb3 Kc7 64. b6+ Kb8 65. Ka6 Nb4+ 66. Kb5 Nc2 67. Kc5 Kb7 68. Na5+ Kb8 69. Nc6+ Kc8 70. Kb5 Kb7 71. Nd8+ Kb8 72. Nxe6 Ne1 73. Kc6 Nxf3 74. b7 h6 75. Nc5 Nxd4+ 76. Kb6 1-0

[Event "44th Chess Olympiad Women 2022"]
[Site "Chennai"]
[Date "2022.08.10"]
[Round "11.8"]
[White "Yao, Lan"]
[Black "Lazarne Vajda, Szidonia"]
[Result "1/2-1/2"]
[ECO "C54"]
[WhiteElo "2274"]
[BlackElo "2313"]
[Annotator "ChessBase"]
[PlyCount "70"]
[EventDate "2022.07.29"]
[EventType "team-tourn"]
[EventCountry "IND"]
[SourceTitle "playchess.com"]
[Source "ChessBase"]
[SourceQuality "1"]
[WhiteTeam "England"]
[BlackTeam "Hungary"]
[WhiteTeamCountry "ENG"]
[BlackTeamCountry "HUN"]
[TimeControl "40/5400+30:1800+30"]

1. e4 e5 2. Nf3 Nc6 3. Bc4 Bc5 4. c3 Nf6 5. d3 O-O 6. Bb3 d6 7. Nbd2 a5 8. O-O Re8 9. h3 h6 10. Re1 Be6 11. Nf1 Bxb3 12. axb3 d5 13. Qe2 Qd7 14. Ng3 Rad8 15. Nh4 dxe4 16. dxe4 Qd3 17. Nh5 Re6 18. Qxd3 Rxd3 19. Nxf6+ Rxf6 20. Nf5 b6 21. Kf1 Rd7 22. Ke2 Ne7 23. Ne3 Ng6 24. g3 Kf8 25. Bd2 Bxe3 26. Bxe3 Rfd6 27. Ra4 Ne7 28. f4 Nc6 29. Rf1 f6 30. f5 Nd8 31. g4 Rc6 32. Raa1 Nb7 33. h4 Nc5 34. Bxc5+ Rxc5 35. Rad1 Rxd1 1/2-1/2

[Event "44th Chess Olympiad Women 2022"]
[Site "Chennai"]
[Date "2022.08.09"]
[Round "11.9"]
[White "Vega Gutierrez, Sabrina"]
[Black "Injac, Teodora"]
[Result "1/2-1/2"]
[ECO "D38"]
[WhiteElo "2366"]
[BlackElo "2372"]
[Annotator "RC"]
[PlyCount "136"]
[EventDate "2022.07.29"]
[EventType "team-tourn"]
[EventCountry "IND"]
[SourceTitle "playchess.com"]
[Source "ChessBase"]
[SourceQuality "1"]
[WhiteTeam "Spain"]
[BlackTeam "Serbia"]
[WhiteTeamCountry "ESP"]
[BlackTeamCountry "SRB"]
[TimeControl "40/5400+30:1800+30"]

1. d4 Nf6 2. c4 e6 3. Nf3 d5 4. Nc3 Bb4 5. cxd5 exd5 6. Bg5 h6 7. Bxf6 Qxf6 8. Qb3 c5 9. a3 Bxc3+ 10. Qxc3 Nd7 11. g3 O-O 12. Bg2 b6 13. O-O Bb7 14. Rfc1 Qe7 15. dxc5 bxc5 16. b4 Rac8 17. bxc5 Nxc5 18. Bh3 Ne6 19. Qe5 Rfe8 20. Bxe6 Qxe6 21. Qxe6 fxe6 22. Nd4 Ba6 23. f4 Bc4 24. Rab1 Rc7 25. Nf3 Rec8 26. Kf2 Kf7 27. g4 Ke7 28. h4 Rf8 29. e3 Rfc8 30. Ne5 g5 31. hxg5 hxg5 32. fxg5 Kd6 33. Nxc4+ dxc4 34. Kf3 c3 35. Rb4 e5 36. Ra4 c2 37. Ke4 Rc4+ 38. Rxc4 Rxc4+ 39. Kf5 Ke7 40. e4 Rc5 41. g6 Kf8 42. Kf6 Kg8 43. g7 a6 44. a4 a5 45. g5 Rc8 46. Kxe5 Kxg7 47. Kd4 Kg6 48. Kd3 Rd8+ 49. Ke3 Rc8 50. Kd3 Rd8+ 51. Kxc2 Kxg5 52. Rf1 Rd4 53. Rf5+ Kg6 54. Kb3 Rb4+ 55. Ka3 Rxe4 56. Rxa5 Kf6 57. Rb5 Ke6 58. a5 Kd7 59. Rc5 Kd6 60. Rc1 Re7 61. Kb4 Rc7 62. Rh1 Kc6 63. a6 Kb6 64. Rh6+ Ka7 65. Kb5 Rg7 66. Rh5 Rf7 67. Rg5 Rh7 68. Rf5 Rg7 1/2-1/2

[Event "44th Chess Olympiad Women 2022"]
[Site "Chennai"]
[Date "2022.08.09"]
[Round "11.9"]
[White "Blagojevic, Tijana"]
[Black "Matnadze, Ana"]
[Result "0-1"]
[ECO "B10"]
[WhiteElo "2330"]
[BlackElo "2406"]
[Annotator "RC"]
[PlyCount "72"]
[EventDate "2022.07.29"]
[EventType "team-tourn"]
[EventCountry "IND"]
[SourceTitle "playchess.com"]
[Source "ChessBase"]
[SourceQuality "1"]
[WhiteTeam "Serbia"]
[BlackTeam "Spain"]
[WhiteTeamCountry "SRB"]
[BlackTeamCountry "ESP"]
[TimeControl "40/5400+30:1800+30"]

1. e4 c6 2. Nf3 d5 3. d3 g6 4. e5 Bg7 5. d4 Bg4 6. Nbd2 c5 7. Bb5+ Nc6 8. c3 Qb6 9. Bxc6+ bxc6 10. h3 Bf5 11. O-O h5 12. Nb3 cxd4 13. cxd4 e6 14. Ne1 h4 15. Nd3 Bxd3 16. Qxd3 Ne7 17. Be3 Nf5 18. Rac1 Bh6 19. Bxh6 Rxh6 20. Rc5 Kf8 21. Rfc1 Ne7 22. Qc3 Kg7 23. Na5 Rb8 24. Rc2 Rc8 25. Qa3 Rh5 26. Nb3 Rc7 27. Qa4 Rf5 28. Ra5 Rf4 29. Ra6 Qb8 30. Rc5 Rb7 31. Qa3 Nf5 32. Ra4 Re4 33. Rca5 Re1+ 34. Kh2 Qd8 35. Nc5 Qg5 36. Qf3 Qc1 0-1

[Event "44th Chess Olympiad Women 2022"]
[Site "Chennai"]
[Date "2022.08.09"]
[Round "11.9"]
[White "Garcia Martin, Marta"]
[Black "Eric, Jovana"]
[Result "0-1"]
[ECO "B30"]
[WhiteElo "2305"]
[BlackElo "2271"]
[Annotator "RC"]
[PlyCount "186"]
[EventDate "2022.07.29"]
[EventType "team-tourn"]
[EventCountry "IND"]
[SourceTitle "playchess.com"]
[Source "ChessBase"]
[SourceQuality "1"]
[WhiteTeam "Spain"]
[BlackTeam "Serbia"]
[WhiteTeamCountry "ESP"]
[BlackTeamCountry "SRB"]
[TimeControl "40/5400+30:1800+30"]

1. e4 c5 2. Nc3 Nc6 3. Nf3 e5 4. Bc4 Be7 5. d3 Nf6 6. Ng5 O-O 7. h4 Nd4 8. f4 d6 9. Nd5 Be6 10. Nxe7+ Qxe7 11. fxe5 dxe5 12. Nxe6 fxe6 13. O-O b5 14. Bb3 c4 15. c3 Nxb3 16. axb3 Rad8 17. bxc4 bxc4 18. d4 exd4 19. cxd4 Nxe4 20. Rxf8+ Rxf8 21. Qe1 Nf2 22. Bg5 Qf7 23. Ra6 h6 24. Bd2 Kh8 25. Qxe6 Qh5 26. Qe7 Re8 27. Rxh6+ gxh6 28. Qf6+ Kh7 29. Qxf2 Re4 30. d5 Qxd5 31. Qxa7+ Kg6 32. Qb6+ Re6 33. Qf2 Qe5 34. g4 h5 35. gxh5+ Kxh5 36. Bg5 Qe1+ 37. Qxe1 Rxe1+ 38. Kf2 Re6 39. Kf3 Rb6 40. Bc1 Kxh4 41. Ke4 Rd6 42. Be3 Kg4 43. Bd4 Rd7 44. Be5 Kh3 45. Kf3 Rd8 46. Bf4 Rf8 47. Ke4 Kg2 48. Bd6 Rd8 49. Kd5 Kf3 50. Kc5 Ke4 51. Be7 Rc8+ 52. Kb4 Kd3 53. Bf6 Rf8 54. Bc3 Rf4 55. Kc5 Kc2 56. Bg7 Kb3 57. Bc3 Rf5+ 58. Kc6 Rg5 59. Kb6 Rg3 60. Bd4 Kb4 61. Bc5+ Ka4 62. Bd4 Rd3 63. Kc5 Kb3 64. Be5 Rh3 65. Bd4 Rh5+ 66. Kc6 Kc2 67. Bc3 Kd3 68. Kd6 Ke4 69. Kc6 Rh6+ 70. Kc5 Kd3 71. Kd5 Rb6 72. Kc5 Rb8 73. Be5 Rc8+ 74. Kd5 Kc2 75. Bc3 Kb3 76. Bf6 Kb4 77. Be7+ Kb3 78. Bf6 Rc7 79. Be5 Re7 80. Bf6 Re8 81. Bc3 Rc8 82. Bf6 Ka4 83. Kd4 Kb4 84. Kd5 Rc7 85. Bc3+ Kb5 86. Kd6 Rc8 87. Bf6 Rc6+ 88. Ke5 Kb4 89. Bg7 Rc7 90. Bf6 Rd7 91. Ke4 Rd3 92. Bg7 Kb3 93. Bf6 Rd2 0-1